 Dungeon Sprint DCSS version 0.17-a0-1951-g62301d3 (webtiles) character file.

2425 Kidiri the Covert (level 9, -5/39 HPs)
             Began as a Spriggan Enchanter on Oct 2, 2015.
             Was a Follower of Dithmenos.
             Slain by a kraken (36 damage)
             ... in the Dungeon (Sprint II: "The Violet Keep of Menkaure").
             The game lasted 00:08:00 (957 turns).

Kidiri the Covert (Spriggan Enchanter)               Turns: 957, Time: 00:08:00

Health: -5/39      AC:  4    Str:  4    XL:     9   Next: 24%
Magic:  16/25      EV: 30    Int: 18    God:    Dithmenos [*.....]
Gold:   351        SH:  0    Dex: 18    Spells: 9 memorised, 0 levels left

rFire  . . .     SeeInvis +     a - +1 dagger
rCold  . . .     Clarity  .     b - +1 robe
rNeg   . . .     SustAt   .     (shield restricted)
rPois  .         Gourm    .     (helmet restricted)
rElec  .         Spirit   .     x - +0 cloak
rCorr  .         Warding  .     (gloves unavailable)
rMut   .         NoTele   +     (boots unavailable)
MR     +....                    (no amulet)
Stlth  ++++++++..               (no ring)
                                (no ring)

@: very slightly contaminated, wreathed by umbra, very quick, somewhat resistant
to hostile enchantments, extraordinarily stealthy
A: unfitting armour, see invisible, herbivore 3, speed 3, slow metabolism 2
a: Renounce Religion


You were in the Dungeon.
You worshipped Dithmenos.
Dithmenos was aware of your devotion.
You were not hungry.

You visited 1 branch You collected 1176 gold pieces.
You spent 825 gold pieces at shops.

Inventory:

Hand weapons
 a - a +1 dagger (weapon)
Missiles
 p - a throwing net (quivered)
Armour
 b - a +1 robe (worn)
 x - a +0 cloak (worn)
Jewellery
 i - an uncursed amulet of rage
Scrolls
 j - a scroll of blinking
 l - a scroll of random uselessness {unknown}
 n - 3 scrolls of identify {unknown}
 o - 4 scrolls of remove curse {unknown}
 q - a scroll of magic mapping {unknown}
 t - a scroll of fear {unknown}
Potions
 e - 4 potions of curing
 f - 3 potions of heal wounds
 g - a potion of haste
 h - 5 potions of magic
 m - 6 potions of resistance {unknown}
 s - a potion of lignification {unknown}
 u - 3 potions of flight {unknown}
 v - a potion of brilliance {unknown}
 z - a potion of agility {unknown}
Books
 c - a book of Maledictions

   Spells                             Type                      Level
   a - Corona                         Hexes                        1
   b - Ensorcelled Hibernation        Hexes/Ice                    2
   c - Confuse                        Hexes                        3
   d - Tukima's Dance                 Hexes                        3
   e - Dazzling Spray                 Conjuration/Hexes            3
 k - a book of Burglary

   Spells                             Type                      Level
   a - Swiftness                      Charms/Air                   2
   b - Passwall                       Transmutation/Earth          3
   c - Passage of Golubria            Translocation                4
   d - Lee's Rapid Deconstruction     Earth                        5
   e - Darkness                       Hexes                        6
   f - Invisibility                   Hexes                        6
Comestibles
 d - a bread ration
 r - 2 slices of pizza
 w - 4 fruits


   Skills:
 * Level 10.1 Short Blades
 * Level 13.0 Dodging
 * Level 14.3 Stealth
 * Level 11.2 Spellcasting
 + Level 3.4 Conjurations
 + Level 8.7 Hexes
 + Level 3.2 Translocations
 + Level 3.1 Transmutations
 + Level 3.8 Ice Magic
 + Level 1.9 Earth Magic
 - Level 2.2 Invocations


You couldn't memorise any spells.
You knew the following spells:

 Your Spells              Type           Power        Failure   Level  Hunger
a - Corona                Hex            #####..      1%          1    None
b - Ensorcelled Hibernat  Hex/Ice        ####..       1%          2    None
c - Confuse               Hex            #####...     1%          3    None
d - Tukima's Dance        Hex            #####...     1%          3    None
e - Dazzling Spray        Conj/Hex       ####....     1%          3    None
f - Passwall              Trmt/Erth      ###.......   10%         3    None
g - Passage of Golubria   Tloc           N/A          21%         4    ##.....
h - Lee's Rapid Deconstr  Erth           ###.......   87%         5    ####...
i - Invisibility          Hex            #####...     30%         6    ######.


Dungeon Overview and Level Annotations

Branches:
Dungeon (1/1)

Altars:
Cheibriados
Dithmenos
Elyvilon
Fedhas
Gozag
Kikubaaqudgha
Makhleb
Nemelex Xobeh
Okawaru
Qazlal
Ru
Sif Muna
Trog
Vehumet
Xom
Yredelemnul
Zin
The Shining One
Beogh
Jiyva
Lugonu

Shops:
D !=:(?[=[%}?:!*%(

Annotations:
D exclusion: oklob plant, Roxanne


Innate Abilities, Weirdness & Mutations

You are tiny and cannot use many weapons and most armour.
You have supernaturally acute eyesight.
You are a herbivore.
You cover ground extremely quickly.
You need consume almost no food.


Message History

Drink which item? (? for menu, Esc to quit)
You feel much better. The kraken misses you.
Unknown command.
You hit the kraken but do no damage.
Unknown command.
You catch the helpless kraken completely off-guard!
You impale the kraken!!
The kraken is lightly wounded.
You hit the kraken but do no damage.
The kraken is lightly wounded.
You catch the helpless kraken completely off-guard!
You impale the kraken!!
The kraken is moderately wounded.
The kraken completely misses you.
You catch the helpless kraken completely off-guard!
You spit the kraken like a pig!!!
The kraken is heavily wounded.
The kraken is no longer blind.
The kraken bites you!!!
Ouch! That really hurt!
You die...

.##.#[|▓[)...[(.▓▓
.^.####▓[.()..).▓▓
#..##.#▓....)..)▓▓
+..#..#▓....([(.▓▓
#.^#..#▓(.[.[...▓▓
#..##)#▓.[......▓▓
##...##▓▓▓▓▓▓▓'▓▓▓▓+▓
.≈≈≈≈≈≈≈≈≈≈≈≈≈...≈≈≈▓
.≈#+########+###@≈≈≈▓
.≈#........#§≈§##X≈≈▓
§≈#....⌠._.#≈§≈§####▓
§§#..._._._#§§§§§
≈≈#.._._._.#§≈≈≈§
≈≈#._._._._#§§§§§
§§#_._._._.#§§≈≈§
≈≈#._._._..#§§§≈≈
§≈#_._._...#§≈≈§▓


You could see a kraken.

Vanquished Creatures
  A siren (D)
  A yaktaur (D)
  3 polar bears (D)
  2 boulder beetles (D)
  2 hippogriffs (D)
  Menkaure (D)
  4 necrophages (D)
  A wasp (D)
  A scorpion (D)
16 creatures vanquished.

Vanquished Creatures (others)
  A crocodile (D)
  4 tentacles (D)
5 creatures vanquished.

Grand Total: 21 creatures vanquished

Notes
Turn   | Place    | Note
--------------------------------------------------------------
     0 | D        | Kidiri the Spriggan Enchanter began the quest for the Orb.
     0 | D        | Reached XP level 1. HP: 9/9 MP: 5/5
     1 | D        | Noticed a hippogriff
     1 | D        | Noticed a hippogriff
     5 | D        | Noticed a necrophage
     5 | D        | Noticed a necrophage
     5 | D        | Noticed a necrophage
     5 | D        | Noticed a necrophage
    18 | D        | Killed a necrophage
    18 | D        | Reached skill level 6 in Dodging
    18 | D        | Reached skill level 7 in Stealth
    18 | D        | Reached skill level 5 in Spellcasting
    18 | D        | Reached skill level 5 in Hexes
    18 | D        | Reached XP level 2. HP: 13/13 MP: 5/9
    18 | D        | Reached XP level 3. HP: 16/16 MP: 6/11
    18 | D        | Reached XP level 4. HP: 21/21 MP: 6/12
    21 | D        | Killed a necrophage
    21 | D        | Reached skill level 5 in Short Blades
    21 | D        | Reached skill level 8 in Dodging
    21 | D        | Reached skill level 9 in Stealth
    21 | D        | Reached XP level 5. HP: 23/24 MP: 6/15
    27 | D        | Killed a necrophage
    27 | D        | Reached skill level 10 in Stealth
    34 | D        | Killed a necrophage
    34 | D        | Reached XP level 6. HP: 28/28 MP: 7/18
    43 | D        | Learned a level 2 spell: Ensorcelled Hibernation
    47 | D        | Learned a level 3 spell: Confuse
    51 | D        | Learned a level 3 spell: Tukima's Dance
    55 | D        | Learned a level 3 spell: Dazzling Spray
   133 | D        | Noticed a boulder beetle
   133 | D        | Noticed a boulder beetle
   137 | D        | Noticed a siren
   149 | D        | Killed a boulder beetle
   149 | D        | Reached skill level 10 in Dodging
   149 | D        | Reached skill level 11 in Stealth
   149 | D        | Reached skill level 1 in Conjurations
   149 | D        | Reached skill level 1 in Ice Magic
   149 | D        | Reached XP level 7. HP: 32/32 MP: 14/20
   195 | D        | Killed a hippogriff
   204 | D        | Killed a hippogriff
   204 | D        | Reached skill level 12 in Stealth
   216 | D        | Killed a siren
   216 | D        | Reached skill level 10 in Spellcasting
   216 | D        | Reached XP level 8. HP: 36/36 MP: 21/23
   237 | D        | Killed a boulder beetle
   237 | D        | Reached skill level 13 in Stealth
   421 | D        | Noticed an orange crystal statue
   428 | D        | Found Weqimaipt's Book Emporium.
   429 | D        | Found Ifee's Gadget Emporium.
   429 | D        | Found Rojoorafu's Food Shoppe.
   430 | D        | Found Juselobo's Antique Armour Shoppe.
   430 | D        | Found Roda's General Store.
   431 | D        | Noticed a scorpion
   433 | D        | Killed a scorpion
   485 | D        | Noticed Roxanne
   487 | D        | Noticed Menkaure
   488 | D        | Found Hamaj's Food Shoppe.
   488 | D        | Found Fedusmekh's Weapon Emporium.
   489 | D        | Killed Menkaure
   490 | D        | Found Efran's Distillery.
   496 | D        | Found Inaqour's Magic Scroll Shoppe.
   499 | D        | Found Teetan's Jewellery Shoppe.
   499 | D        | Found Poaqonor's Antique Armour Emporium.
   499 | D        | Noticed a slime creature
   499 | D        | Noticed a slime creature
   502 | D        | Found Nyux's Magic Scroll Emporium.
   502 | D        | Found Nuaruety's Antique Weapon Shoppe.
   502 | D        | Noticed a slime creature
   502 | D        | Noticed an oklob plant
   503 | D        | Found Gauseosa's Jewellery Shoppe.
   503 | D        | Found Bofifirch's Book Shoppe.
   503 | D        | Found Olodde's Distillery.
   504 | D        | Noticed a hell hog
   534 | D        | Bought a book of Burglary for 825 gold pieces
   538 | D        | Learned a level 3 spell: Passwall
   543 | D        | Learned a level 4 spell: Passage of Golubria
   549 | D        | Learned a level 5 spell: Lee's Rapid Deconstruction
   575 | D        | Found an ancient bone altar of Kikubaaqudgha.
   575 | D        | Found a bloodstained altar of Trog.
   576 | D        | Found a blossoming altar of Fedhas.
   576 | D        | Found a deep blue altar of Sif Muna.
   577 | D        | Found a roughly hewn altar of Beogh.
   577 | D        | Found an opulent altar of Gozag.
   578 | D        | Noticed a crocodile
   578 | D        | Found an iron altar of Okawaru.
   578 | D        | Found a shimmering altar of Xom.
   579 | D        | Found a viscous altar of Jiyva.
   579 | D        | Found a sparkling altar of Nemelex Xobeh.
   580 | D        | Found a radiant altar of Vehumet.
   580 | D        | Found a stormy altar of Qazlal.
   603 | D        | Killed a crocodile
   622 | D        | Found a white marble altar of Elyvilon.
   622 | D        | Found a burning altar of Makhleb.
   622 | D        | Found a shadowy altar of Dithmenos.
   622 | D        | Noticed a polar bear
   624 | D        | Found a corrupted altar of Lugonu.
   624 | D        | Found a basalt altar of Yredelemnul.
   624 | D        | Found a snail-covered altar of Cheibriados.
   624 | D        | Noticed a wasp
   625 | D        | Found a glowing golden altar of the Shining One.
   625 | D        | Found a glowing silver altar of Zin.
   625 | D        | Found a sacrificial altar of Ru.
   625 | D        | Noticed a yaktaur
   629 | D        | Noticed a crocodile
   631 | D        | Noticed a crocodile
   635 | D        | Became a worshipper of Dithmenos the Shadowed
   642 | D        | Noticed a polar bear
   648 | D        | Killed a polar bear
   648 | D        | Reached skill level 1 in Translocations
   648 | D        | Reached skill level 1 in Transmutations
   649 | D        | Noticed a polar bear
   653 | D        | Killed a polar bear
   653 | D        | Reached skill level 1 in Earth Magic
   653 | D        | Reached skill level 1 in Invocations
   658 | D        | Killed a polar bear
   658 | D        | Reached skill level 14 in Stealth
   658 | D        | Reached XP level 9. HP: 34/39 MP: 15/25
   661 | D        | Killed a yaktaur
   661 | D        | Reached skill level 10 in Short Blades
   664 | D        | Killed a wasp
   720 | D        | Noticed a death drake
   720 | D        | Noticed a swamp drake
   753 | D        | Noticed a kraken
   888 | D        | Learned a level 6 spell: Invisibility
   957 | D        | Slain by a kraken

Vault maps used:
D:        the_violet_keep_of_menkaure

Action                   |  1- 3 |  4- 6 |  7- 9 || total
-------------------------+-------+-------+-------++-------
Melee: Dagger            |     9 |    19 |    29 ||    57
 Cast: Ensorcelled Hiber |       |     1 |     6 ||     7
       Dazzling Spray    |       |     1 |     2 ||     3
       Confuse           |       |       |     2 ||     2
  Use: Potion            |     1 |       |     1 ||     2
 Stab: Sleeping          |       |     1 |     8 ||     9
       Invisible         |       |     1 |     4 ||     5
       Confused          |       |       |     4 ||     4
